 Dungeon Crawl Stone Soup version 0.21.1-1-g345015f (webtiles) character file.

25569 JeffiDaFish the Geomancer (level 13, -18/76 HPs)
             Began as a Gargoyle Earth Elementalist on Feb 24, 2018.
             Was an Elder of Vehumet.
             Killed from afar by Harold (24 damage)
             ... with a bolt of fire
             ... on level 4 of the Lair of Beasts.
             The game lasted 00:57:21 (15913 turns).

JeffiDaFish the Geomancer (GrEE)                   Turns: 15913, Time: 00:57:22

Health: -18/76     AC: 20    Str: 12    XL:     13   Next: 20%
Magic:  36/47      EV: 14    Int: 21    God:    Vehumet [****..]
Gold:   1020       SH:  0    Dex: 10    Spells: 17/37 levels left

rFire    . . .     SeeInvis .   i - +6 long sword "Fiup" {slice, MR+}
rCold    + . .     Gourm    .   (no shield)
rNeg     + . .     Faith    .   y - +2 robe {rC+}
rPois    ∞         Spirit   .   L - +2 helmet
rElec    +         Reflect  .   p - +0 cloak
rCorr    .         Harm     .   g - +1 pair of gloves
MR       +....                  t - +0 pair of boots
Stlth    ++........             (no amulet)
HPRegen  0.22/turn              a - ring of magical power
MPRegen  0.30/turn              f - ring of magical power

@: very slightly contaminated, studying Fire Magic
A: negative energy resistance 1, electricity resistance, unbreathing,
petrification resistance, rot immunity, AC +9
a: Renounce Religion


You were on level 4 of the Lair of Beasts.
You worshipped Vehumet.
Vehumet was greatly pleased with you.
You were near starving.

You visited 2 branches of the dungeon, and saw 14 of its levels.

You collected 1020 gold pieces.

Inventory:

Hand Weapons
 i - the +6 long sword "Fiup" (weapon) {slice, MR+}
   (You found it on level 4 of the Dungeon)

   It inflicts extra damage upon your enemies.
   It affects your resistance to hostile enchantments.
 j - a +4 flail of protection
Missiles
 b - 203 stones (quivered)
Armour
 g - a +1 pair of gloves (worn)
 p - a +0 cloak (worn)
 t - a +0 pair of boots (worn)
 y - a +2 robe of cold resistance (worn)
 A - a +0 shield
 H - a +2 robe of magic resistance
 L - a +2 helmet (worn)
Magical Staves
 q - an uncursed staff of poison
 u - an uncursed staff of power
Jewellery
 a - a ring of magical power (left hand)
 f - a ring of magical power (right hand)
 l - an uncursed ring of protection from cold
 o - an uncursed ring of protection from fire
 J - a +2 ring of evasion {unknown}
Wands
 n - a wand of digging (11)
 v - a wand of iceblast (21)
 w - a wand of flame (12)
 N - a wand of acid (5)
Scrolls
 h - 9 scrolls of teleportation
 k - 3 scrolls of blinking
 z - a scroll of fog
 B - 2 scrolls of remove curse
 G - 6 scrolls of identify
Potions
 m - 5 potions of brilliance
 r - 3 potions of heal wounds
 x - 2 potions of mutation {unknown}
 C - a potion of agility
 D - 2 potions of ambrosia
 E - a potion of invisibility
 I - a potion of cancellation
 K - 2 potions of magic
Books
 e - a book of Geomancy

   Spells                             Type                      Level
   a - Sandblast                      Earth                        1
   b - Passwall                       Transmutation/Earth          2
   c - Stone Arrow                    Conjuration/Earth            3
   d - Petrify                        Transmutation/Earth          4
   e - Lee's Rapid Deconstruction     Earth                        5
 s - a book of Minor Magic

   Spells                             Type                      Level
   a - Magic Dart                     Conjuration                  1
   b - Blink                          Translocation                2
   c - Call Imp                       Summoning                    2
   d - Slow                           Hexes                        2
   e - Conjure Flame                  Conjuration/Fire             3
   f - Mephitic Cloud                 Conjuration/Poison/Air       3
 M - a book of Necromancy

   Spells                             Type                      Level
   a - Pain                           Necromancy                   1
   b - Animate Skeleton               Necromancy                   1
   c - Vampiric Draining              Necromancy                   3
   d - Regeneration                   Charms/Necromancy            3
   e - Animate Dead                   Necromancy                   4
   f - Borgnjor's Vile Clutch         Necromancy/Earth             5
 P - a manual of Fire Magic
Miscellaneous
 c - a lamp of fire
Comestibles
 d - 25 rations


   Skills:
 + Level 6.9 Fighting
 + Level 5.5 Dodging
 - Level 2.1 Stealth
 * Level 12.7 Spellcasting
 + Level 10.0 Conjurations
 - Level 3.1 Translocations
   Level 0.7 Transmutations
 + Level 2.6 Fire Magic
 + Level 12.7 Earth Magic


You had 17 spell levels left.
You knew the following spells:

 Your Spells              Type           Power        Failure   Level  Hunger
a - Sandblast             Erth           ######       1%          1    None
b - Stone Arrow           Conj/Erth      ######       1%          3    None
c - Lee's Rapid Deconstr  Erth           ######....   1%          5    ####...
d - Blink                 Tloc           N/A          1%          2    None
e - Mephitic Cloud        Conj/Pois/Air  ####....     1%          3    None
f - Iron Shot             Conj/Erth      ######....   1%          6    #####..


Dungeon Overview and Level Annotations

Branches:
Dungeon (10/15)            Temple (0/1) D:5            Lair (4/6) D:10
 Shoals (0/4) Lair:3       Spider (0/4) Lair:2          Orc (0/2) D:10

Altars:
Ashenzari
Dithmenos
Elyvilon
Fedhas
Hepliaklqana
Kikubaaqudgha
Makhleb
Okawaru
Ru
Sif Muna
Vehumet
Wu Jian
Xom
Yredelemnul
Zin

Annotations:
D:6 1 transporter
Lair:4 Harold, Kirke, Rupert


Innate Abilities, Weirdness & Mutations

You are resistant to torment.
Your stone body is resilient. (AC +9)
You are immune to poison.
You resist negative energy. (rN+)
You are resistant to electric shocks. (rElec)
You can survive without breathing.
You are immune to petrification.
You are immune to rotting.


Message History

You riposte.
You barely miss Rupert. The blink frog closely misses you.
Casting: Mephitic Cloud
Confirm with . or Enter, or press ? or * to list all spells.
Aiming: Mephitic Cloud
Press: ? - help, Shift-Dir - straight line, f/p - Rupert
Aim: Rupert, wielding a great mace of crushing and wearing a chain mail (berserk, fast, unusually strong)
The ball explodes into a vile cloud!
The stinking cloud engulfs Rupert.
The stinking cloud engulfs you!
Rupert is engulfed in noxious fumes.
Rupert hits you with a great mace of crushing!!
* * * LOW HITPOINT WARNING * * *
x2 The blink frog blinks!
Unknown command.
Blink to where?
Press: ? - help, Dir - move target cursor, p - Rupert You are very lightly contaminated with residual magic.
As you read the scroll of blinking, it crumbles to dust.
Rupert is engulfed in noxious fumes.
Harold points at you and mumbles some strange words.
The bolt of fire hits you!
You die...

P.P.# ...# ##§# ..#.#
....###§§## P.P.##
##....###F.# #....#
#.....# #@## ..
P.P..###....####†### ...
#.#.#.##...........# ♣.♣$
.................PP♣♣...F.
............(.......♣.....
###.P..##.......@...@.....
#...#####...........♣.....
##..# #.#.................
##.###.......#...P.♣.♣.♣#
###.##.............F.....
.P.......................
..........................
..........................
.#........................


You could see Rupert (berserk), Harold and 2 blink frogs.

Vanquished Creatures
  Gastronok (D:7)
  Josephine (D:9)
  A hydra (Lair:4)
  2 two-headed ogres (D:9)
  2 death yaks
  Nergalle (Lair:1)
  Sonja (D:10)
  An unseen horror (D:10)
  Pikel (D:7)
  2 oklob plants (Lair:4)
  A manticore (Lair:3)
  Joseph (D:7)
  2 black mambas
  A spiny frog (Lair:1)
  3 komodo dragons
  2 polar bears
  A queen bee (D:9)
  2 hornets
  2 hippogriffs
  11 blink frogs
  A shadow (D:9)
  6 wraiths
  A wyvern (Lair:3)
  5 hogs (Lair:4)
  5 yaks (Lair:1)
  A hungry ghost (D:10)
  Menkaure (D:6)
  A steam dragon (D:10)
  3 wargs
  5 water moccasins
  5 porcupines
  Duvessa (D:7)
  3 ice beasts
  4 sky beasts
  3 slaves
  A black bear (D:9)
  4 orc warriors
  2 centaurs
  5 ogres
  6 wolves (Lair:2)
  7 crocodiles
  A big kobold (D:9)
  8 bullfrogs
  Dowan (D:7)
  A wyvern skeleton (D:9)
  2 scorpions (Lair:2)
  31 killer bees
  A vampire bat (D:4)
  10 wights
  A howler monkey (D:7)
  3 crimson imps (D:9)
  A centaur zombie (D:10)
  A bullfrog skeleton (D:5)
  A centaur skeleton (D:10)
  2 jellies (D:7)
  9 orc priests
  11 hounds
  13 orc wizards
  Jessica (D:2)
  8 worker ants
  4 iguanas
  A hound skeleton (D:6)
  12 adders
  2 shadow imps
  An ooze (D:2)
  7 worms
  3 dart slugs (D:1)
  6 leopard geckos
  76 orcs
  2 ball pythons
  7 giant cockroaches
  10 goblins
  9 hobgoblins
  15 jackals
  12 kobolds
  3 quokkas
  15 bats
  4 frilled lizards
  9 rats
  A plant (Lair:4)
414 creatures vanquished.

Vanquished Creatures (collateral kills)
  A killer bee (D:9)
1 creature vanquished.

Vanquished Creatures (others)
  A slave (D:7)
  4 orcs (D:10)
  A fungus (Lair:4)
  6 plants
12 creatures vanquished.

Grand Total: 427 creatures vanquished

Notes
Turn   | Place    | Note
-------+----------+-------------------------------------------
     0 | D:1      | JeffiDaFish the Gargoyle Earth Elementalist began the quest for the Orb.
     0 | D:1      | Reached XP level 1. HP: 10/10 MP: 3/3
   189 | D:1      | Reached XP level 2. HP: 15/15 MP: 3/5
   246 | D:1      | Found a shattered altar of Ashenzari.
   867 | D:2      | Reached XP level 3. HP: 17/19 MP: 6/6
  1152 | D:2      | Noticed Jessica
  1160 | D:2      | Killed Jessica
  1160 | D:2      | Reached XP level 4. HP: 10/24 MP: 8/8
  1397 | D:2      | Learned a level 3 spell: Stone Arrow
  1405 | D:2      | Reached skill level 5 in Earth Magic
  1941 | D:3      | Reached XP level 5. HP: 28/28 MP: 10/10
  2285 | D:3      | Found a radiant altar of Vehumet.
  2313 | D:3      | Became a worshipper of Vehumet
  2870 | D:4      | Reached XP level 6. HP: 29/32 MP: 5/12
  2962 | D:4      | Learned a level 5 spell: Lee's Rapid Deconstruction
  3045 | D:4      | Got a crystal long sword
  3312 | D:4      | Found a blossoming altar of Fedhas.
  3473 | D:5      | Entered Level 5 of the Dungeon
  3473 | D:5      | Noticed a sky beast
  3490 | D:4      | Killed a sky beast
  3593 | D:5      | Reached XP level 7. HP: 33/36 MP: 5/14
  3637 | D:5      | Reached skill level 5 in Spellcasting
  3668 | D:5      | Reached * piety under Vehumet
  3668 | D:5      | Offered knowledge of Sting by Vehumet.
  3765 | D:5      | Learned a level 2 spell: Blink
  3769 | D:5      | Learned a level 3 spell: Mephitic Cloud
  3886 | D:5      | Found an ornate altar of the Wu Jian Council.
  4106 | D:5      | Found a staircase to the Ecumenical Temple.
  4428 | D:5      | Reached skill level 1 in Conjurations
  4613 | D:6      | Reached XP level 8. HP: 23/41 MP: 9/16
  4797 | D:5      | Identified the +6 long sword "Fiup" {slice, MR+} (You found it on level 4 of the Dungeon)
  4840 | D:6      | Found an iron altar of Okawaru.
  5281 | D:6      | Noticed a hornet
  5288 | D:6      | Killed a hornet
  5360 | D:6      | Found a white marble altar of Elyvilon.
  5376 | D:6      | Offered knowledge of Throw Flame by Vehumet.
  5379 | D:6      | Reached ** piety under Vehumet
  5459 | D:6      | Found an ancient bone altar of Kikubaaqudgha.
  5459 | D:6      | Found a basalt altar of Yredelemnul.
  5459 | D:6      | Found a transporter.
  5459 | D:6      | Noticed Menkaure
  5461 | D:6      | Noticed a wraith
  5462 | D:6      | Killed Menkaure
  5476 | D:6      | Killed a wraith
  5502 | D:6      | Found a transporter.
  6193 | D:7      | Reached XP level 9. HP: 13/45 MP: 20/20
  6656 | D:7      | Noticed Joseph
  6670 | D:7      | Killed Joseph
  7058 | D:7      | Reached skill level 5 in Conjurations
  7101 | D:7      | Noticed Dowan
  7103 | D:7      | Noticed Duvessa
  7116 | D:7      | Killed Duvessa
  7124 | D:7      | Killed Dowan
  7266 | D:7      | Noticed a hornet
  7273 | D:7      | Killed a hornet
  7273 | D:7      | Offered knowledge of Searing Ray by Vehumet.
  7810 | D:8      | Noticed Pikel
  7810 | D:8      | Noticed Gastronok
  7827 | D:7      | Killed Pikel
  7827 | D:7      | Reached skill level 1 in Translocations
  7827 | D:7      | Reached skill level 10 in Earth Magic
  7827 | D:7      | Reached XP level 10. HP: 40/50 MP: 20/23
  7952 | D:7      | Killed Gastronok
  7952 | D:7      | Reached skill level 10 in Spellcasting
  8355 | D:8      | Found a glowing silver altar of Zin.
  8536 | D:8      | Found a deep blue altar of Sif Muna.
  8735 | D:9      | Noticed a two-headed ogre
  8744 | D:9      | Killed a two-headed ogre
  8744 | D:9      | Reached skill level 1 in Fighting
  8763 | D:9      | Found a sacrificial altar of Ru.
  8827 | D:9      | Noticed a two-headed ogre
  8836 | D:9      | Killed a two-headed ogre
  8836 | D:9      | Reached XP level 11. HP: 57/57 MP: 25/25
  8903 | D:9      | Reached *** piety under Vehumet
  9000 | D:9      | Found a shimmering altar of Xom.
  9022 | D:9      | Found a burning altar of Makhleb.
  9097 | D:9      | Offered knowledge of Static Discharge by Vehumet.
  9254 | D:9      | Reached **** piety under Vehumet
  9271 | D:9      | Offered knowledge of Fulminant Prism by Vehumet.
  9344 | D:9      | Found a hazy altar of Hepliaklqana.
  9388 | D:9      | Found a shadowy altar of Dithmenos.
  9512 | D:10     | Entered Level 10 of the Dungeon
 10114 | D:10     | Noticed Sonja
 10125 | D:10     | Killed Sonja
 10128 | D:10     | Noticed Josephine
 10144 | D:9      | Killed Josephine
 10289 | D:10     | Killed an unseen horror
 10363 | D:10     | Reached ***** piety under Vehumet
 10364 | D:10     | Offered knowledge of Iron Shot by Vehumet.
 10370 | D:10     | Reached XP level 12. HP: 27/67 MP: 19/27
 10874 | D:10     | Found a staircase to the Lair.
 10935 | D:10     | Learned a level 6 spell: Iron Shot
 10946 | D:10     | Found a staircase to the Orcish Mines.
 11654 | Lair:1   | Entered Level 1 of the Lair of Beasts
 11654 | Lair:1   | Noticed Nergalle
 11663 | Lair:1   | Killed Nergalle
 11673 | Lair:1   | Reached skill level 5 in Fighting
 12969 | Lair:2   | Found a hole to the Spider Nest.
 13893 | Lair:3   | Found a staircase to the Shoals.
 13900 | Lair:3   | Reached skill level 5 in Dodging
 14932 | Lair:4   | Noticed a five-headed hydra
 14939 | Lair:4   | Killed a five-headed hydra
 14939 | Lair:4   | Reached skill level 1 in Fire Magic
 14939 | Lair:4   | Reached XP level 13. HP: 29/76 MP: 29/29
 15265 | Lair:4   | Noticed Kirke
 15604 | Lair:3   | Reached skill level 10 in Conjurations
 15856 | Lair:4   | Noticed Harold
 15902 | Lair:4   | Noticed Rupert
 15913 | Lair:4   | Killed from afar by Harold

Skill      XL: |  1  2  3  4  5  6  7  8  9 10 11 12 13 |
---------------+----------------------------------------+-----
Earth Magic    | 4 5 6 7 8 10 11 12 | 12.7
Spellcasting   | 3 4 5 7 9 10 11 12 | 12.7
Conjurations   | 2 4 6 7 8 9 10 | 10.0
Translocations | 1 3 |  3.1
Fighting       | 2 4 6 |  6.9
Dodging        | 2 3 5 |  5.5
Fire Magic     | 1 2 |  2.6
Stealth        | |  2.1
Transmutations | |  0.7

Action                   |  1- 3 |  4- 6 |  7- 9 | 10-12 | 13-15 || total
-------------------------+-------+-------+-------+-------+-------++-------
Melee: Unarmed           |    31 |       |       |       |       ||    31
       Mace              |    42 |   153 |    64 |       |       ||   259
       Long sword        |       |       |    73 |   189 |    47 ||   309
       Staff             |       |       |       |     8 |       ||     8
 Cast: Sandblast         |    19 |    61 |    37 |    98 |     8 ||   223
       Stone Arrow       |       |    17 |    48 |   130 |     6 ||   201
       Mephitic Cloud    |       |       |    13 |    44 |    14 ||    71
       Lee's Rapid Decon |       |       |    13 |    41 |       ||    54
       Iron Shot         |       |       |       |    16 |    12 ||    28
  Use: Scroll            |     5 |     3 |     6 |     2 |     3 ||    19
       Potion            |     4 |     3 |     6 |       |       ||    13
 Stab: Sleeping          |     3 |       |     1 |       |       ||     4
       Confused          |       |       |     1 |     4 |       ||     5
  Eat: Chunk             |     1 |     9 |    13 |    26 |     2 ||    51
       Ration            |       |     1 |     1 |     3 |     1 ||     6
Armor: Robe              |    48 |   162 |    81 |   187 |    37 ||   515
       Leather armour    |       |       |    10 |       |       ||    10
       Skin              |       |       |     1 |       |       ||     1
Dodge: Dodged            |    95 |   241 |   134 |   278 |    60 ||   808
       Rpst.: Long sword |       |       |    22 |    85 |    20 ||   127
